 Dungeon Crawl Stone Soup version 0.31-a0-204-g7da18cac08 (webtiles) character file.

Game seed: 15784425334537161738

612 TrayleKats the Destroyer (level 7, -2/36 HPs)
             Began as a Deep Elf Conjurer on June 27, 2023.
             Was an Initiate of Vehumet.
             Shot with an arrow by a centaur (9 damage)
             ... on level 5 of the Dungeon.
             The game lasted 00:06:11 (4727 turns).

TrayleKats the Destroyer (Deep Elf Conjurer)        Turns: 4727, Time: 00:06:11

Health: -2/36      AC:  3    Str:  4    XL:     7   Next: 20%
Magic:  4/18       EV: 12    Int: 25    God:    Vehumet [......]
Gold:   306        SH:  0    Dex: 13    Spells: 6/19 levels left

rFire   . . .        (no weapon)
rCold   . . .        (no shield)
rNeg    . . .        a - +1 robe
rPois   .            (no helmet)
rElec   .            m - scarf {+Inv}
rCorr   .            (no gloves)
SInv    .            (no boots)
Will    .....        (no amulet)
Stlth   ++           (no ring)
HPRegen 0.26/turn    (no ring)
MPRegen 0.16/turn

%: no passive effects
@: on blink cooldown
A: no striking features
a: Renounce Religion, Evoke Invisibility


You were on level 5 of the Dungeon.
You worshipped Vehumet.
Vehumet was noncommittal.
You visited 2 branches of the dungeon, and saw 6 of its levels.

You collected 306 gold pieces.

Inventory:

Missiles
 i - 3 javelins
Armour
 a - a +1 robe (worn)
 m - a scarf of invisibility (worn)
Jewellery
 d - a +6 ring of strength
Wands
 c - a wand of roots (10)
Scrolls
 e - a scroll of teleportation
 g - a scroll of blinking {unknown}
 p - a scroll of fear
Potions
 b - a potion of magic
 f - 3 potions of curing
 j - a potion of enlightenment
 k - 2 potions of haste
 n - a potion of lignification


   Skills:
 - Level 2.4 Dodging
 - Level 2.4 Stealth
 + Level 6.6 Spellcasting
 * Level 8.3 Conjurations


You had 6 spell levels left.
You knew the following spells:

 Your Spells              Type           Power      Damage    Failure   Level
a - Magic Dart            Conj           100%       1d8       1%          1
b - Searing Ray           Conj           98%        2d8       1%          2
c - Blink                 Tloc           16%        N/A       11%         2
d - Fulminant Prism       Conj/Hex       14%        3d8       13%         4
e - Iskenderun's Mystic   Conj/Tloc      29%        2d7       13%         4

Your spell library contained the following spells:

 Spells                   Type           Power      Damage    Failure   Level
 Dazzling Flash           Conj/Hex       58%        N/A       3%          3
 Hailstorm                Conj/Ice       29%        3d8       3%          3
 Stone Arrow              Conj/Erth      58%        3d10      3%          3
 Sandblast                Erth           16%        2d6       7%          1
 Passwall                 Tmut/Erth      6%         N/A       11%         2
 Gell's Gravitas          Tloc           8%         N/A       22%         3
 Teleport Other           Tloc           8%         N/A       22%         3
 Ice Form                 Ice/Tmut       8%         N/A       56%         4
 Manifold Assault         Tloc           8%         N/A       56%         4
 Dispersal                Tloc           4%         N/A       100%        6
 Simulacrum               Ice/Necr       4%         N/A       100%        6
 Storm Form               Tmut/Air       4%         N/A       100%        7


Dungeon Overview and Level Annotations

Branches:
Dungeon (5/15)             Temple (1/1) D:4

Altars:
Ashenzari
Dithmenos
Elyvilon
Fedhas
Gozag
Hepliaklqana
Kikubaaqudgha
Makhleb
Nemelex Xobeh
Okawaru
Qazlal
Ru
Sif Muna
Trog
Uskayaw
Vehumet
Wu Jian
Yredelemnul
Zin


Message History

Confirm with . or Enter, or press ? or * to list all spells.
The spell is quite dangerous to miscast (13% risk of failure)!
Continue anyway?
Aiming: Fulminant Prism (quite dangerous; 13% risk of failure)
Press: ? - help, Dir - move target You conjure a prism of explosive energy!
A fulminant prism comes into view.
The centaur shoots an arrow.
The arrow hits you.
Your fulminant prism crackles loudly.
Something hits your fulminant prism.
Your fulminant prism explodes!
Vehumet accepts your kill.
You feel a bit more experienced.
The blast of energy engulfs the orc!!
You kill the orc!
Vehumet accepts your kill.
You start resting.
A centaur is nearby!
A centaur is nearby!
A centaur is nearby!
Casting: Fulminant Prism (quite dangerous; 13% risk of failure)
Confirm with . or Enter, or press ? or * to list all spells.
The spell is quite dangerous to miscast (13% risk of failure)!
Continue anyway?
Aiming: Fulminant Prism (quite dangerous; 13% risk of failure)
Press: ? - help, Dir - move target You conjure a prism of explosive energy!
A fulminant prism comes into view.
The centaur shoots an arrow.
The arrow hits your fulminant prism!
Your fulminant prism detonates feebly.
The centaur shoots an arrow.
The arrow hits you!
Casting: Fulminant Prism (quite dangerous; 13% risk of failure)
Confirm with . or Enter, or press ? or * to list all spells.
You blink.
Casting: Blink (safe; 11% risk of failure)
Confirm with . or Enter, or press ? or * to list all spells.
The spell is quite dangerous to miscast (13% risk of failure)!
Continue anyway?
You erupt in a blast of force!
The mystic blast hits the centaur.
The centaur is heavily wounded.
The centaur shoots an arrow.
The arrow hits you.
* * * LOW HITPOINT WARNING * * *
The centaur shoots an arrow.
The arrow hits you!
You die...

# ###### #.#### #### #
#....# ...# ).# .. #....#
#.### #.####..<
#....######...####........
#......).@.c.....<...###
#......######.####.....#
#....#..# #.# #......#
#....##.# #c# #.......#
#######.....!....o.o....#
#######.............
...##.........
..<.#......###
........#####


You could see a centaur.

Vanquished Creatures
  Sigmund (D:3)
  An orc warrior (D:4)
  A phantom (D:4)
  A scorpion (D:5)
  An orc priest (D:4)
  2 iguanas
  5 adders
  A white imp (D:5)
  2 worms
  4 dart slugs
  7 orcs
  8 endoplasms
  3 giant cockroaches
  9 goblins
  4 hobgoblins
  3 jackals
  13 kobolds
  7 quokkas
  2 ball pythons (D:2)
  7 bats
  4 frilled lizards
  3 rats
89 creatures vanquished.

Vanquished Creatures (others)
  3 fulminant prisms (D:5)
3 creatures vanquished.

Grand Total: 92 creatures vanquished

Notes
Turn   | Place    | Note
-------+----------+-------------------------------------------
     0 | D:1      | TrayleKats the Deep Elf Conjurer began the quest for the
                  | Orb.
     0 | D:1      | Reached XP level 1. HP: 10/10 MP: 6/6
   165 | D:1      | Reached XP level 2. HP: 15/15 MP: 4/8
   668 | D:1      | Reached skill level 5 in Conjurations
  1079 | D:2      | Reached XP level 3. HP: 19/19 MP: 6/10
  1205 | D:2      | Learned a level 2 spell: Searing Ray
  1817 | D:2      | Found a stormy altar of Qazlal.
  2029 | D:3      | Reached XP level 4. HP: 24/24 MP: 9/12
  2198 | D:3      | Learned a level 2 spell: Blink
  2316 | D:3      | Reached skill level 6 in Conjurations
  2452 | D:3      | Noticed Sigmund
  2469 | D:3      | Killed Sigmund
  2470 | D:3      | Reached skill level 5 in Spellcasting
  2470 | D:3      | Reached skill level 7 in Conjurations
  2470 | D:3      | Reached XP level 5. HP: 21/28 MP: 2/14
  2470 | D:3      | Reached XP level 6. HP: 24/32 MP: 2/16
  3230 | D:4      | Noticed an orc warrior
  3243 | D:4      | Killed an orc warrior
  3464 | D:4      | Found a staircase to the Ecumenical Temple.
  3656 | Temple   | Entered the Ecumenical Temple
  3851 | Temple   | Became a worshipper of Vehumet
  4128 | D:4      | Reached skill level 8 in Conjurations
  4128 | D:4      | Reached XP level 7. HP: 36/36 MP: 14/18
  4156 | D:4      | Learned a level 4 spell: Fulminant Prism
  4161 | D:4      | Learned a level 4 spell: Iskenderun's Mystic Blast
  4230 | D:4      | Found a hazy altar of Hepliaklqana.
  4237 | D:4      | Found a basalt altar of Yredelemnul.
  4411 | D:5      | Entered Level 5 of the Dungeon
  4727 | D:5      | Shot with an arrow by a centaur

Illustrated notes

Levels and vault maps discovered:
D:1:      eino_arrival_water_cross, layout_loops_cross
D:2:      layout_loops_ring, basic_altar, nrook_campfire
D:3:      layout_rooms, st_stairs_2, chequers_serial_rivers_micro_c,
          uniq_sigmund
D:4:      layout_loops_ring, mainiacjoe_overflow_large_starburst,
          minmay_temple_entry_grid, minmay_box_of_dots
D:5:      layout_rooms, gammafunk_temple_overflow_elements
Temple:   bh_familiar_temple

Skill      XL: |  1  2  3  4  5  6 |
---------------+-------------------+-----
Conjurations   | 5 7 8 |  8.3
Spellcasting   | 4 5 6 |  6.6
Dodging        | |  2.4
Stealth        | |  2.4

Action                     |  1- 3 |  4- 6 |  7- 9 || total
---------------------------+-------+-------+-------++-------
  Melee: Unarmed           |     2 |       |       ||     2
   Cast: Magic Dart        |    78 |    81 |    15 ||   174
         Searing Ray       |       |     7 |     2 ||     9
         Fulminant Prism   |       |       |     3 ||     3
         Blink             |       |       |     2 ||     2
         Iskenderun's Myst |       |       |     1 ||     1
    Use: Scroll            |       |    14 |       ||    14
 Armour: Robe              |     3 |     3 |       ||     6
  Dodge: Dodged            |     6 |    15 |     3 ||    24

Table legend: (Time is in decaauts)
 A = Elapsed time spent in this place.
 B = Non-inter-level travel time spent in this place.
 C = Inter-level travel time spent in this place.
 D = Time resting spent in this place.
 E = Time spent auto-exploring this place.
 F = Levels seen in this place.
 G = Mean time per level.
                   A        B        C        D        E       F      G
               +--------+--------+--------+--------+--------+-----+--------+
         Total |   4728 |   4522 |    206 |    936 |   3123 |   6 |  788.0 |
       Dungeon |   4503 |   4346 |    157 |    936 |   2954 |   5 |  900.6 |
        Temple |    224 |    175 |     49 |      0 |    169 |   1 |  224.0 |
               +--------+--------+--------+--------+--------+-----+--------+

Top non-repeatable levels by time:
     D:3: 1272 daAuts
     D:1: 1055 daAuts
     D:2: 970 daAuts
     D:4: 889 daAuts
     D:5: 315 daAuts
  Temple: 224 daAuts
